 Dungeon Crawl Stone Soup version 0.19-a0-1019-g9c6a58d (webtiles) character file.

9651 Implojin the Martial Artist (level 11, -15/68 HPs)
             Began as a Tengu Transmuter on July 26, 2016.
             Was an Initiate of Sif Muna.
             Demolished by Wuag's ghost (39 damage)
             ... on level 12 of the Dungeon.
             The game lasted 01:10:40 (17745 turns).

Implojin the Martial Artist (Tengu Transmuter)     Turns: 17745, Time: 01:10:40

Health: -15/68     AC:  4    Str: 10    XL:     11   Next: 49%
Magic:  16/18      EV: 26    Int: 14    God:    Sif Muna [......]
Gold:   589        SH:  0    Dex: 23    Spells: 5 memorised, 3 levels left

rFire  . . .     SeeInvis .       - Unarmed
rCold  . . .     Gourm    .     (armour currently unavailable)
rNeg   . . .     Faith    .     (shield currently unavailable)
rPois  x         Spirit   .     (helmet currently unavailable)
rElec  .         Dismiss  .     (cloak currently unavailable)
rCorr  .         Reflect  .     (gloves currently unavailable)
SustAt .         Harm     .     (boots unavailable)
MR     +....                    P - amulet of regeneration
Stlth  ++........               L - +2 ring of protection
                                A - ring of protection from magic

@: spider-form (expiring), very slightly contaminated, studying Stealth,
somewhat resistant to hostile enchantments, unstealthy
A: (beak), (talons 0), able to fly 1
a: Fly, End Transformation, Renounce Religion


You were on level 12 of the Dungeon.
You worshipped Sif Muna.
Sif Muna was noncommittal.
You were not hungry.
You were a venomous arachnid creature.
You visited 2 branches of the dungeon, and saw 13 of its levels.
You also visited: Labyrinth and Trove.

You collected 589 gold pieces.

Inventory:

Hand Weapons
 a - the cursed +2 arbalest "Poahazar" {elec, rElec Str+2, unknown}
   (You found it in a labyrinth)

   It charges the ammunition it shoots with electricity; occasionally upon a
   hit, such missiles may discharge and cause terrible harm.
   It affects your strength (+2).
   It insulates you from electricity.
   It has a curse placed upon it.
 c - a +0 antimagic hand axe
 f - a +1 hunting sling
 q - the +5 whip of Ynocaz {venom, *Rage rF+ rC+ Int+8, unknown}
   (You found it in a treasure trove)

   It poisons the flesh of those it strikes.
   It affects your intelligence (+8).
   It protects you from fire.
   It protects you from cold.
   It may make you go berserk in combat.
 G - the +8 hand crossbow of Hioshreer {flame, rN+ MR+ Dex-2, unknown}
   (You found it in a treasure trove)

   It causes projectiles fired from it to burn those they strike, causing extra
   injury to most foes and up to half again as much damage against particularly
   susceptible opponents.
   It affects your dexterity (-2).
   It protects you from negative energy.
   It affects your resistance to hostile enchantments.
 U - the +6 lajatang of Patterns {drain, rC+ Stlth+, unknown}
   (You found it in a treasure trove)

   A truly terrible weapon, it drains the life of those it strikes.
   It protects you from cold.
   It makes you more stealthy.
Missiles
 o - 266 arrows
 r - 385 stones
 s - 19 tomahawks (quivered)
Armour
 h - the +2 ring mail of Mas Vy Egida (melded) {*Drain MR+ Stlth+}
   (You found it in a labyrinth)

   It affects your resistance to hostile enchantments.
   It causes draining when unequipped.
   It makes you more stealthy.
 t - a +0 buckler
 W - a +0 cloak (melded)
Magical Staves
 y - an uncursed staff of air {unknown}
 E - an uncursed staff of power {unknown}
Jewellery
 u - the ring "Mobet" {*Tele rElec rC+ Str+6 Dex+3}
   (You found it on level 5 of the Dungeon)

   [ring of teleportation]

   It may teleport you next to monsters.
   It affects your strength (+6).
   It affects your dexterity (+3).
   It protects you from cold.
   It insulates you from electricity.
 A - a ring of protection from magic (left front leg)
 L - a +2 ring of protection (right front leg)
 P - an amulet of regeneration (around neck)
Wands
 C - a wand of disintegration (15/24)
 N - a wand of hasting (4/9)
 O - a wand of lightning (6/15)
 T - a wand of lightning (4/15)
 V - a wand of lightning (13/15)
 X - a wand of lightning (5/15)
Scrolls
 b - a scroll of enchant armour {unknown}
 e - 4 scrolls of magic mapping
 g - a scroll of amnesia {unknown}
 l - 6 scrolls of teleportation
 p - 3 scrolls of enchant weapon
 w - a scroll of brand weapon {unknown}
 x - 2 scrolls of recharging
 I - a scroll of random uselessness {unknown}
 J - a scroll of immolation
 Q - a scroll of torment {unknown}
Potions
 j - 2 potions of berserk rage
 k - 6 potions of heal wounds
 n - a potion of agility
 v - 2 potions of lignification
 B - 4 potions of brilliance
 D - 2 potions of cancellation
 F - a potion of resistance
 H - 4 potions of curing
 K - a potion of degeneration
 M - a potion of might
Books
 S - a manual of Stealth
 Y - a Fen Folio

   Spells                             Type                      Level
   a - Corpse Rot                     Necromancy                   2
   b - Stone Arrow                    Conjuration/Earth            3
   c - Leda's Liquefaction            Hexes/Earth                  4
   d - Summon Forest                  Summoning/Translocation      5
   e - Hydra Form                     Transmutation                6
   f - Summon Hydra                   Summoning                    7
 Z - a book of Maledictions

   Spells                             Type                      Level
   a - Corona                         Hexes                        1
   b - Ensorcelled Hibernation        Hexes/Ice                    2
   c - Confuse                        Hexes                        3
   d - Tukima's Dance                 Hexes                        3
   e - Dazzling Spray                 Conjuration/Hexes            3
Comestibles
 d - 8 bread rations
 i - 5 meat rations
 m - 4 fruits
 R - 7 slices of pizza


   Skills:
 - Level 8.0 Fighting
 * Level 9.1 Dodging
 - Level 12.0 Unarmed Combat
 - Level 4.0 Spellcasting
 - Level 6.2 Transmutations
 - Level 2.0 Poison Magic


You had 3 spell levels left.
You knew the following spells:

 Your Spells              Type           Power        Failure   Level  Hunger
a - Beastly Appendage     Tmut           ###...       6%          1    None
b - Spider Form           Tmut/Pois      ##........   28%         3    ###....
c - Ice Form              Ice/Tmut       ##......     78%         4    ####...
d - Blade Hands           Tmut           ###.......   67%         5    ######.
e - Sticks to Snakes      Tmut           ###.....     10%         2    ##.....


Dungeon Overview and Level Annotations

Branches:
Dungeon (12/15)            Temple (1/1) D:5            Lair (0/6) D:8
    Orc (0/2) D:10

Altars:
Dithmenos
Hepliaklqana
Makhleb
Qazlal
Sif Muna
Yredelemnul
Zin

Annotations:
D:2 exclusion: adder
D:4 cerealjynx's ghost, amateur NaEn
D:8 exclusion: downstairs
D:9 !8h hydra near stairs, maurice sleeping near stairs, exclusion: hydra, Maurice
D:12 Wuag's ghost, journeyman TrMo; YoMomma's ghost, journeyman TrMo


Innate Abilities, Weirdness & Mutations

((You have a beak for a mouth.))
((You have claws for feet.))
You can fly.


Message History

The +2 ring mail of Mas Vy Egida {*Drain MR+ Stlth+} melds into your body.
You climb downwards.
Level annotation: Wuag's ghost, journeyman TrMo; YoMomma's ghost, journeyman TrMo Wuag's ghost hits you.
A centaur zombie comes into view.
There is a stone staircase leading up here.
Unknown command.
Unknown command.
You hit Wuag's ghost.
Wuag's ghost is lightly damaged.
Wuag's ghost says, "What's the hurry?
You'll die anyway."
Wuag's ghost barely misses you.
You bite Wuag's ghost!
Wuag's ghost is lightly damaged.
Wuag's ghost misses you.
You hit Wuag's ghost but do no damage.
Wuag's ghost is lightly damaged.
Your transformation is almost over.
Wuag's ghost hits you!
You hit Wuag's ghost.
Wuag's ghost is lightly damaged.
The centaur zombie hits you.
You miss Wuag's ghost.
Wuag's ghost is lightly damaged.
Wuag's ghost completely misses you. The centaur zombie closely misses you.
You miss Wuag's ghost.
Wuag's ghost is lightly damaged.
Wuag's ghost completely misses you.
The centaur zombie completely misses you.
You hit Wuag's ghost but do no damage.
Wuag's ghost is lightly damaged.
Wuag's ghost barely misses you. The centaur zombie misses you.
You closely miss Wuag's ghost.
Wuag's ghost is lightly damaged.
The centaur zombie hits you. Wuag's ghost hits you!!
* * * LOW HITPOINT WARNING * * *
Unknown command.
The centaur zombie misses you. Wuag's ghost hits you!!!
Ouch! That really hurt!
You die...

....
...
...
#..
###.##
#....#
+.ZW.#
#..s.#
#....#
#..<.#
#....+
#....#
#...$#
##..##
##.#


You could see Wuag's ghost and a centaur zombie.

Vanquished Creatures
  A minotaur (Lab)
  An unseen horror (D:12)
  A hill giant (D:11)
  2 trolls
  2 two-headed ogres
  A wraith (D:10)
  Eustachio (D:5)
  3 yaks (D:11)
  A hippogriff (D:11)
  A steam dragon (D:11)
  2 water moccasins
  2 phantoms
  2 sky beasts
  2 ice beasts
  A black bear (D:12)
  4 orc warriors
  A necrophage (D:9)
  3 wolves (D:8)
  4 ogres
  4 centaurs
  A big kobold (D:8)
  8 giant frogs
  A water moccasin zombie (D:5)
  A wyvern zombie (D:11)
  A wyvern skeleton (D:7)
  4 scorpions
  15 killer bees
  3 electric eels (D:8)
  3 howler monkeys (D:10)
  3 crimson imps
  4 giant frog zombies
  2 jellies
  A quasit (D:9)
  3 orc priests
  9 hounds
  2 giant frog skeletons
  5 orc wizards
  3 centaur skeletons
  An iguana (D:10)
  7 worker ants
  2 killer bee zombies
  2 hound skeletons
  Robin (D:3)
  A howler monkey skeleton (D:5)
  7 gnolls
  13 adders
  3 shadow imps
  An ooze (D:5)
  2 dart slugs
  6 giant geckos
  29 orcs
  5 giant cockroaches
  18 goblins
  10 hobgoblins
  10 jackals
  5 quokkas
  8 ball pythons
  3 bats
  A giant gecko skeleton (D:4)
  5 giant newts
  A jackal zombie (D:9)
  11 kobolds
  4 rats
264 creatures vanquished.

Notes
Turn   | Place    | Note
-------+----------+-------------------------------------------
     0 | D:1      | Implojin the Tengu Transmuter began the quest for the Orb.
     0 | D:1      | Reached XP level 1. HP: 12/12 MP: 4/4
     1 | D:1      | :randomcombo of firstgod
   240 | D:1      | Reached XP level 2. HP: 16/16 MP: 4/6
   264 | D:1      | Reached skill level 4 in Unarmed Combat
  1323 | D:2      | Reached XP level 3. HP: 20/20 MP: 5/7
  1335 | D:2      | Learned a level 3 spell: Spider Form
  2030 | D:2      | Reached skill level 1 in Poison Magic
  2766 | D:3      | Reached skill level 2 in Poison Magic
  2865 | D:3      | Reached XP level 4. HP: 21/25 MP: 8/8
  3217 | D:3      | Noticed Robin
  3525 | D:3      | Killed Robin
  3525 | D:3      | Reached skill level 2 in Transmutations
  3687 | D:3      | Noticed an ice beast
  4409 | D:4      | Reached skill level 5 in Unarmed Combat
  4631 | D:4      | Gained mutation: You can fly. [Tengu growth]
  4631 | D:4      | Reached XP level 5. HP: 27/29 MP: 5/9
  4781 | D:4      | Noticed cerealjynx's ghost (amateur NaEn)
  4857 | D:4      | Reached skill level 6 in Unarmed Combat
  5155 | D:4      | Reached XP level 6. HP: 24/34 MP: 3/10
  5824 | D:4      | Reached skill level 3 in Dodging
  6087 | D:5      | Entered Level 5 of the Dungeon
  6089 | D:5      | Noticed an ice beast
  6120 | D:4      | Killed an ice beast
  6120 | D:4      | Reached skill level 4 in Dodging
  6915 | D:5      | Reached skill level 5 in Dodging
  6915 | D:5      | Reached XP level 7. HP: 24/38 MP: 2/11
  7360 | D:5      | Reached skill level 6 in Dodging
  7515 | D:5      | Learned a level 4 spell: Ice Form
  7555 | D:5      | Noticed Eustachio
  7588 | D:5      | Killed Eustachio
  7588 | D:5      | Reached skill level 3 in Transmutations
  7716 | D:5      | Reached XP level 8. HP: 43/43 MP: 8/12
  7718 | D:5      | Reached skill level 4 in Transmutations
  8162 | D:5      | Found a staircase to the Ecumenical Temple.
  8196 | D:5      | Got an ancient turquoise ring
  8498 | Temple   | Entered the Ecumenical Temple
  8499 | Temple   | :sif, dith, zin, hepq into view on same turn
  8499 | Temple   | :sif i guess
  8504 | Temple   | Became a worshipper of Sif Muna the Loreminder
  8910 | D:6      | Noticed a two-headed ogre
  8959 | D:6      | Killed a two-headed ogre
  8959 | D:6      | Reached skill level 5 in Transmutations
  9538 | D:6      | Reached skill level 6 in Transmutations
  9825 | D:6      | Found a burning altar of Makhleb.
  9838 | D:6      | Reached * piety under Sif Muna
  9919 | D:7      | Identified the ring "Mobet" {*Tele rElec rC+ Str+6 Dex+3} (You found it on level 5 of the Dungeon)
 10245 | D:7      | Reached skill level 7 in Unarmed Combat
 10474 | D:7      | Reached XP level 9. HP: 47/47 MP: 9/13
 10596 | D:7      | Reached skill level 8 in Unarmed Combat
 11150 | D:8      | Reached skill level 7 in Dodging
 11448 | D:8      | Reached skill level 8 in Dodging
 11643 | D:8      | Reached skill level 2 in Fighting
 11676 | D:8      | Reached skill level 3 in Fighting
 11804 | D:8      | Reached skill level 4 in Fighting
 11995 | D:8      | Noticed a troll
 12302 | D:8      | Reached skill level 5 in Fighting
 12432 | D:8      | Found a staircase to the Lair.
 12906 | D:8      | Reached XP level 10. HP: 59/59 MP: 10/14
 13055 | D:8      | Reached skill level 6 in Fighting
 13542 | D:9      | Noticed Maurice
 13561 | D:9      | Noticed an eight-headed hydra
 13654 | D:7      | Reached skill level 7 in Fighting
 14218 | D:9      | Reached skill level 8 in Fighting
 14665 | D:9      | Reached skill level 3 in Spellcasting
 14773 | D:9      | Reached ** piety under Sif Muna
 14773 | D:9      | Reached skill level 4 in Spellcasting
 14939 | D:10     | Entered Level 10 of the Dungeon
 15393 | D:10     | Found a staircase to the Orcish Mines.
 15478 | D:10     | Reached skill level 9 in Unarmed Combat
 16048 | D:10     | Reached skill level 10 in Unarmed Combat
 16083 | D:11     | Found a labyrinth entrance.
 16105 | Lab      | Entered a labyrinth
 16135 | Lab      | Noticed a minotaur
 16149 | Lab      | Killed a minotaur
 16149 | Lab      | Reached XP level 11. HP: 28/68 MP: 15/18
 16248 | Lab      | Got an ichor-stained ring mail
 16260 | Lab      | Identified the +2 ring mail of Mas Vy Egida {*Drain MR+ Stlth+} (You found it in a labyrinth)
 16262 | Lab      | Got an ancient arbalest
 16301 | D:10     | Learned a level 5 spell: Blade Hands
 16313 | D:10     | Learned a level 2 spell: Sticks to Snakes
 16388 | D:11     | Found a portal to a secret trove of treasure.
 16510 | Trove    | Entered a treasure trove
 16541 | Trove    | Got a warped bardiche
 16556 | Trove    | Got a scorched whip
 16558 | Trove    | Got a slimy war axe
 16560 | Trove    | Got a faintly glowing war axe
 16568 | Trove    | Got an encrusted hand crossbow
 16574 | Trove    | Got a bloodstained war axe
 16576 | Trove    | Got a shimmering lajatang
 16856 | D:11     | Reached skill level 11 in Unarmed Combat
 16967 | D:11     | Noticed a hill giant
 16988 | D:11     | Killed a hill giant
 17517 | D:11     | Reached skill level 12 in Unarmed Combat
 17630 | D:12     | Noticed YoMomma's ghost (journeyman TrMo)
 17637 | D:12     | Killed an unseen horror
 17637 | D:12     | Reached skill level 9 in Dodging
 17640 | D:12     | Noticed a deep elf mage
 17731 | D:12     | Noticed Wuag's ghost (journeyman TrMo)
 17745 | D:12     | Demolished by Wuag's ghost

Vault maps used:
D:1:      minmay_arrival_floating_metal
D:3:      minmay_cupped, uniq_robin
D:5:      first_bread, uniq_eustachio
D:6:      lemuel_crystal_altar, serial_glass, glass_columns_c, glass_columns_c,
          kennysheep_nondescript
D:8:      erik_lair_island
D:9:      uniq_maurice
D:10:     orc_0_dummy, grunt_pizzeria
D:11:     nicolae_trove_entry_free_sample, lab_entry_generic, glass_columns_a
D:12:     minmay_strange_pillars, minmay_guarded_unrand_resistance
Temple:   nicolae_temple_the_god_donut
Lab:      labyrinth_watery, nicolae_lab_x, nicolae_lab_flowing_pool,
          nicolae_lab_do_over
Trove:    trove_weapon_1

Skill      XL: |  1  2  3  4  5  6  7  8  9 10 11 |
---------------+----------------------------------+-----
Unarmed Combat | 4 5 6 7 8 10 12 | 12.0
Poison Magic   | 2 |  2.0
Transmutations | 2 3 6 |  6.2
Dodging        | 5 6 8 9 |  9.1
Fighting       | 5 8 |  8.0
Spellcasting   | 4 |  4.0

Action                   |  1- 3 |  4- 6 |  7- 9 | 10-12 || total
-------------------------+-------+-------+-------+-------++-------
Melee: Unarmed           |    99 |   156 |   343 |   326 ||   924
       Peck              |    10 |    14 |    13 |    14 ||    51
       Headbutt          |     8 |       |       |       ||     8
       Punch             |     4 |     2 |     1 |     4 ||    11
       Kick              |    13 |    13 |    27 |    22 ||    75
Throw: Tomahawk          |     2 |     5 |     6 |     2 ||    15
 Cast: Beastly Appendage |    27 |     6 |     2 |       ||    35
       Spider Form       |       |    18 |    44 |    38 ||   100
 Abil: End Transformatio |       |     1 |     1 |       ||     2
Evoke: Wand              |       |       |     1 |     4 ||     5
  Use: Scroll            |       |     6 |    11 |     7 ||    24
       Potion            |       |     1 |       |     2 ||     3
 Stab: Sleeping          |       |     2 |     1 |     2 ||     5
       Distracted        |       |       |     1 |       ||     1
  Eat: Chunk             |     7 |    13 |    19 |    10 ||    49
       Pizza             |       |     2 |     1 |     1 ||     4
       Beef jerky        |       |       |     2 |     2 ||     4
       Fruit             |       |       |     3 |     3 ||     6
       Meat ration       |       |       |       |     1 ||     1
Armor: Robe              |     9 |    12 |     7 |     7 ||    35
       Skin              |       |     3 |     7 |     6 ||    16
       Ring mail         |       |       |       |     5 ||     5
Dodge: Dodged            |    59 |    94 |   325 |   310 ||   788

Table legend:
 A = Turns spent in this place as a percentage of turns spent in the entire game.
 B = Non-inter-level travel turns spent in this place as a percentage of non-inter-level travel turns spent in the entire game.
 C = Inter-level travel turns spent in this place as a percentage of turns spent in this place.
 D = Turns resting spent in this place as a percentage of non-inter-level travel turns spent in this place.
 E = Turns spent auto-exploring this place as a percentage of non-inter-level travel turns spent in this place.
 F = Non-inter-level travel turns spent in this place divided by the number of levels of this place that you've seen.
                   A       B       C       D       E      F
               +-------+-------+-------+-------+-------+----------------------
         Total | 100.0 | 100.0 |   0.4 |   7.7 |   3.5 | 423.5
       Dungeon |  96.1 |  96.1 |   0.4 |   7.9 |   3.6 | 508.9
        Temple |   0.3 |   0.3 |   0.0 |   0.0 |   0.0 |  16.0
     Labyrinth |   2.3 |   2.3 |   0.0 |   4.1 |   0.0 | 148.0
         Trove |   1.3 |   1.3 |   0.0 |   0.0 |   0.0 |  82.0
               +-------+-------+-------+-------+-------+----------------------

Table legend:
 A = Kills in this place as a percentage of kills in entire the game.
 B = Kills by you in this place as a percentage of kills by you in the entire game.
 C = Kills by friends in this place as a percentage of kills by friends in the entire game.
 D = Other kills in this place as a percentage of other kills in the entire game.
 E = Experience gained in this place as a percentage of experience gained in the entire game.
 F = Experience gained in this place divided by the number of levels of this place that you have seen.
                   A       B       C       D       E      F
               +-------+-------+-------+-------+-------+----------------------
         Total | 100.0 | 100.0 |  -nan |  -nan | 100.0 | 919.2
       Dungeon |  99.6 |  99.6 |  -nan |  -nan |  92.2 | 1059.2
     Labyrinth |   0.4 |   0.4 |  -nan |  -nan |   7.8 | 1078.0
               +-------+-------+-------+-------+-------+----------------------
